 Dungeon Crawl Stone Soup version 0.29-a0-234-g0dae59b3db (webtiles) character file.

Game seed: 7791855089373910385

302 croobank the Sneak (level 6, -3/36 HPs)
             Began as an Octopode Fire Elementalist on Mar 4, 2022.
             Killed from afar by Natasha (8 damage)
             ... with a puff of flame
             ... on level 4 of the Dungeon.
             The game lasted 00:11:46 (3657 turns).

croobank the Sneak (Octopode Fire Elementalist)     Turns: 3657, Time: 00:11:47

Health: -3/36      AC:  1    Str:  7    XL:     6   Next: 37%
Magic:  4/10       EV: 13    Int: 20    God:
Gold:   101        SH:  0    Dex: 12    Spells: 8/11 levels left

rFire   . . .      SeeInvis .   a - +2 whip (vamp)
rCold   . . .      Faith    .   (no shield)
rNeg    . . .      Spirit   .   (helmet restricted)
rPois   .          Reflect  .   (no amulet)
rElec   .          Harm     .   (no ring)
rCorr   .          Rampage  .   (no ring)
Will    .....                   (no ring)
Stlth   ++++......              (no ring)
HPRegen 0.12/turn               (no ring)
MPRegen 0.12/turn               (no ring)
                                (no ring)
                                (no ring)

@: mighty, lethally poisoned (-3 -> -8), slowed, very slow
A: almost no armour, amphibious, 8 rings, camouflage 1, gelatinous body 1,
(nimble swimmer 1), tentacles
a: no special abilities


You were on level 4 of the Dungeon.
You visited 1 branch of the dungeon, and saw 4 of its levels.

You collected 101 gold pieces.

Inventory:

Hand Weapons
 a - a +2 vampiric whip (weapon)
 b - a +0 hunting sling
Missiles
 i - 35 stones
 n - 4 poisoned darts
Potions
 d - 2 potions of brilliance
 e - 3 potions of might
 g - a potion of lignification {unknown}
 h - a potion of curing
 j - a potion of ambrosia {unknown}
 l - a potion of invisibility {unknown}


   Skills:
 + Level 3.3 Dodging
 + Level 4.8 Stealth
 + Level 3.1 Spellcasting
 + Level 2.7 Conjurations
 + Level 4.1 Fire Magic


You had 8 spell levels left.
You knew the following spells:

 Your Spells              Type           Power      Damage    Failure   Level
a - Foxfire               Conj/Fire      64%        2x1d7     3%          1
b - Scorch                Fire           38%        2d6       4%          2

Your spell library contained the following spells:

 Spells                   Type           Power      Damage    Failure   Level
 Conjure Flame            Conj/Fire      16%        6-21      11%         3
 Inner Flame              Hex/Fire       11%        N/A       19%         3
 Blink                    Tloc           6%         N/A       22%         2
 Flame Wave               Conj/Fire      16%        2d6       34%         4
 Lesser Beckoning         Tloc           3%         N/A       38%         3
 Manifold Assault         Tloc           3%         N/A       98%         5


Dungeon Overview and Level Annotations

Branches:
Dungeon (4/15)
 Temple: D:4-7

Altars:

Annotations:
D:4 Grinder, Natasha


Innate Abilities, Weirdness & Mutations

You cannot wear most types of armour.
You are amphibious.
You can wear up to eight rings at the same time.
Your skin changes colour to match your surroundings (Stealth+).
Your rubbery body absorbs attacks. (AC +1, EV +1)
((You are camouflaged when in or above water. (Stealth+)))
You have tentacles for arms and can constrict up to eight enemies at once.


Message History

Natasha stares at you and mumbles some strange words.
You feel yourself slow down. The crimson imp closely misses you.
Unknown command.
You hit Natasha. Your grab misses Natasha.
Natasha is moderately wounded.
Natasha mumbles some strange words.
You feel disoriented. Natasha claws you. The adder closely misses you.
The crimson imp barely misses you.
You hit Natasha.
You feel better.
Your grab misses Natasha.
Natasha is moderately wounded.
The adder bites you. Natasha barely misses you.
The crimson imp barely misses you. The adder bites you.
You are poisoned.
The adder poisons you! Natasha barely misses you. The crimson imp hits you.
The adder closely misses you.
You aren't carrying any scrolls.
You feel better.
Natasha howls an incantation.
You feel troubled. Natasha claws you! The adder completely misses you.
The crimson imp hits you but does no damage.
Natasha casts a spell.
The adder misses you.
You feel very mighty all of a sudden. The crimson imp hits you.
The adder bites you. Natasha casts a spell at you. You resist with some effort.
The crimson imp closely misses you.
Your magical contamination has completely faded away.
You barely miss Natasha. Your grab misses Natasha.
Natasha is moderately wounded.
The adder bites you.
You are poisoned.
The adder poisons you! Natasha casts a spell at you. The magic dart hits you!
* * * LOW HITPOINT WARNING * * *
The adder barely misses you. The crimson imp closely misses you.
Natasha zaps a wand.
The puff of flame hits you!
You die...

***** #....# *** *,,,* #....###
,,* ***,*,#* ###..(...#
*,******,,,*,.##*#......#.###
*,,,,**,,###*,..*#.#....#...####
****,,,,,....##.*#.#....###....##
* *,,,,,*###...)##.#....# ####.#.
* *,*****#.....h5...##########...
***,*****#....5S@.<.#........###.
,,,,,,,,,...............>....###÷
,,,,,,,,*###........#.....h.g....
,,,,,,,,,.................g..####
,,*,,,,,*.....?.....#..........).
,,,,,,,,,...........#.....†..####
,,,,,,,,,##.........#........h..,
,,,,,,,,**#.........#........h...
,*,,,,,,* *,,,,,,,>..............


You could see Natasha (resistant), a crimson imp (summoned), an adder and a
shadow imp (summoned).

Vanquished Creatures
  A kobold brigand (D:4)
  4 gnolls (D:3)
  An adder (D:3)
  3 dart slugs
  3 orcs (D:3)
  9 endoplasms
  2 giant cockroaches (D:1)
  5 goblins
  A hobgoblin (D:2)
  3 jackals (D:4)
  5 kobolds
  3 quokkas
  3 ball pythons
  2 frilled lizards
  9 rats
54 creatures vanquished.

Vanquished Creatures (collateral kills)
  A necrophage (D:4)
  A scorpion (D:4)
  An endoplasm (D:4)
  A goblin (D:4)
4 creatures vanquished.

Vanquished Creatures (others)
  67 foxfires
  4 plants (D:3)
71 creatures vanquished.

Grand Total: 129 creatures vanquished

Notes
Turn   | Place    | Note
-------+----------+-------------------------------------------
     0 | D:1      | croobank the Octopode Fire Elementalist began the quest for
                  | the Orb.
     0 | D:1      | Reached XP level 1. HP: 11/11 MP: 3/3
   345 | D:1      | Reached XP level 2. HP: 12/17 MP: 5/5
   349 | D:1      | Learned a level 2 spell: Scorch
   486 | D:1      | Found a faded altar of an unknown god.
  1072 | D:2      | Reached XP level 3. HP: 21/21 MP: 3/6
  1824 | D:3      | Reached XP level 4. HP: 27/27 MP: 0/7
  2843 | D:4      | Noticed Grinder
  2848 | D:4      | Noticed a necrophage
  3062 | D:4      | Noticed a kobold brigand
  3065 | D:4      | Killed a kobold brigand
  3066 | D:4      | Reached XP level 5. HP: 14/31 MP: 1/9
  3335 | D:4      | Reached XP level 6. HP: 14/36 MP: 5/10
  3647 | D:4      | Noticed Natasha
  3657 | D:4      | Killed from afar by Natasha

Illustrated notes

Levels and vault maps discovered:
D:1:      scummos_arrival_simple_crosswalls, layout_loops_ring,
          hellmonk_ecumenical_altar_run_dry, chequers_mini_garden
D:2:      layout_loops_cross
D:3:      layout_loops_ring, serial_bayou_pond_d
D:4:      layout_rooms, ebering_ghost_sewer_f, uniq_grinder, uniq_natasha

Skill      XL: |  1  2  3  4  5 |
---------------+----------------+-----
Stealth        | 3 4 |  4.8
Conjurations   | 2 |  2.7
Dodging        | 3 |  3.3
Spellcasting   | 3 |  3.1
Fire Magic     | 4 |  4.1

Action                   |  1- 3 |  4- 6 || total
-------------------------+-------+-------++-------
Melee: Unarmed           |    18 |       ||    18
       Constrict         |     8 |     2 ||    10
       Tentacles         |     9 |     2 ||    11
       Whip              |    14 |    11 ||    25
 Cast: Foxfire           |    27 |    15 ||    42
       Scorch            |    11 |    21 ||    32
  Use: Scroll            |     3 |     6 ||     9
       Potion            |       |     2 ||     2
 Stab: Sleeping          |     3 |       ||     3
Armor: Skin              |       |     4 ||     4
Dodge: Dodged            |    24 |    24 ||    48

Table legend: (Time is in decaauts)
 A = Elapsed time spent in this place.
 B = Non-inter-level travel time spent in this place.
 C = Inter-level travel time spent in this place.
 D = Time resting spent in this place.
 E = Time spent auto-exploring this place.
 F = Levels seen in this place.
 G = Mean time per level.
                   A        B        C        D        E       F      G
               +--------+--------+--------+--------+--------+-----+--------+
         Total |   3670 |   3579 |     91 |    821 |   2202 |   4 |  917.5 |
       Dungeon |   3670 |   3579 |     91 |    821 |   2202 |   4 |  917.5 |
               +--------+--------+--------+--------+--------+-----+--------+

Top non-repeatable levels by time:
     D:3: 1386 daAuts
     D:1: 990 daAuts
     D:2: 899 daAuts
     D:4: 394 daAuts
